cohdb
Replays
Latest Replays
All Replays
Popular Replays
Top Player Replays
Match Explorer
How It Works
Community
CoH3 Stats
Reddit
Sign in to upload your games and track your stats! →
Sign in with Steam
Match 46776269
Unlisted
Match 46776269
Overview
Messages
Build Orders
End
Construct Infanterie Kompanie
Selects Terror Battlegroup
Selects Machine Gun Camouflage
Grenadier Squad
MG 42 Machine Gun Team
GrW 34 Mortar Team
Grenadier Squad
Construct Panzergrenadier Kompanie
Panzergrenadier Squad
Medical Bunker
Pak 40 Anti-tank Gun Team
Construct Panzer Kompanie
Panzergrenadier Officer Quarters
Stoßtruppen Squad
Selects Defend the Fatherland
Panzer IV Medium Tank
Selects Contempt for the Weak
Selects Propaganda Leaflet Drop
Selects V1 Rocket Strike
Selects V1 Rocket Strike
V1 Rocket Strike
Duffman™
Padesát Centů
Hibver
Boneless
Zlatan
LegendaireNic
0
0
Comments
sign in to comment!
No comments posted yet!